Map: Backwater LE

Players

Snute - Winner!

  • Race: Zerg Zerg
  • Spawn Location: 5:00

BrightYellow

  • Race: Terran Terran
  • Spawn Location: 11:00

Event: WCS Leipzig 2018

VOD

Have the link to the VOD?

Description

Time

  • Played on: Jan. 26, 2018, 6:32 a.m.
  • Length: 5:20

All games in this series

Show
View Real Time Build Order
Export as new Build Order

Snute Zerg - Winner!

Build Orders: Pool First 

Get SALT Encoding   

  12  0:00  Drone  
  13  0:12  Overlord  
  13  0:16  Drone  
  14  0:30  Drone x2  
  14  0:34  Drone  
  17  0:44  Spawning Pool  
  17  0:48  Drone  
  17  1:10  Hatchery  
  16  1:11  Drone  
  16  1:14  Drone  
  16  1:17  Extractor  
  17  1:19  Drone  
  18  1:31  Queen  
  18  1:32  Zergling x2  
  21  1:38  Overlord  
  21  1:49  Drone  
  22  2:00  Drone  
  23  2:06  Queen  
  25  2:15  Spine Crawler  
  23  2:17  Spine Crawler  
  23  2:21  Spine Crawler  
  21  2:28  Roach Warren  
  20  2:33  Zergling x4  
  22  2:50  Overlord  
  23  2:52  Spine Crawler  
  20  3:02  Overlord  
  20  3:08  Roach x3  
  26  3:13  Roach  
  26  3:19  Roach  
  30  3:25  Roach  
  32  3:32  Roach  
  34  3:35  Overlord  
  34  3:43  Roach  
  36  3:48  Drone  
  36  3:49  Drone  
  36  3:53  Drone  
  39  3:59  Roach  
  41  4:07  Roach  
  43  4:11  Roach  
  45  4:19  Drone  
  46  4:36  Hatchery  
  45  4:40  Roach  
  47  4:48  Roach  
  49  4:56  Roach x2  
  54  5:00  Overlord  
Show
View Real Time Build Order
Export as new Build Order

BrightYellow Terran 

Build Orders:  

Get SALT Encoding   

  12  0:01  SCV  
  13  0:13  SCV  
  14  0:19  Supply Depot  
  14  0:25  SCV  
  15  0:41  Barracks  
  15  0:53  Barracks  
  15  1:06  Barracks  
  15  1:29  Marine  
  15  1:30  Barracks  
  16  1:42  Supply Depot, Marine  
  17  1:47  Marine  
  17  1:53  Marine  
  19  2:00  Marine  
  20  2:05  Marine  
  21  2:11  Marine  
  22  2:16  Marine  
  22  2:17  Marine  
  22  2:19  Supply Depot  
  24  2:23  Marine  
  24  2:29  Marine  
  26  2:34  Marine  
  26  2:35  Marine  
  28  2:41  Marine  
  29  2:50  SCV  
  28  2:57  Marine  
  28  2:58  Marine x2  
  28  3:08  Marine  
  28  3:10  SCV  
  30  3:15  Marine  
  30  3:18  Marine x2  
  33  3:31  SCV  
  33  3:32  Refinery  
  33  3:42  Supply Depot  
  33  3:43  SCV  
  33  3:48  Marine  
  35  3:49  Marine  
  35  3:55  SCV  
  37  3:57  Marine  
  38  4:06  Barracks Tech Lab  
  38  4:07  Marine  
  39  4:10  Marine  
  39  4:16  Marine  
  41  4:23  Supply Depot  
  41  4:26  Marine  
  41  4:30  Marine  
  42  4:40  Marine x2  
Tags
 
Add a new tag
Caveats
  • Supply blocks, unpowered buildings, or Contaminate may cause inaccurate times.
  • Supply counts are checked every 10 seconds.